 Dungeon Sprint DCSS version 0.29-a0-824-gd827844252 (webtiles) character file.

Game seed: 6544898525685721463

17163 mhtbhm the Executioner (level 12, -4/204 HPs)
             Began as a Minotaur Berserker on July 9, 2022.
             Was the Champion of Trog.
             Slain by a fire giant
             ... wielding a +0 great sword of flaming
              (30 damage)
             ... in the Dungeon (Sprint I: "Red Sonja").
             The game lasted 00:05:25 (3775 turns).

mhtbhm the Executioner (Minotaur Berserker)         Turns: 3775, Time: 00:05:25

Health: -4/204     AC: 11    Str: 25    XL:     12   Next: 16%
Magic:  11/11      EV: 16    Int:  4    God:    Trog [******]
Gold:   1573       SH:  0    Dex: 12    Spells: 11/11 levels left

rFire   + . .      SeeInvis +   a - +8 frozen axe "Frostbite" {freezing cloud, *Noise Fly rC+}
rCold   + . .      Faith    +   (shield currently unavailable)
rNeg    . . .      Spirit   .   b - +2 leather armour {rF+}
rPois   +          Reflect  .   (helmet restricted)
rElec   +          Harm     .   z - +2 cloak
rCorr   .          Rampage  .   p - +0 pair of gloves "Humag" {rElec SInv}
Will    .....      NoTele   +   (no boots)
Stlth   ..........              t - amulet of faith
HPRegen 0.44/turn               s - ring of poison resistance
MPRegen 0.12/turn               (no ring)

@: berserking (expiring), flying, very quick
A: horns 2, retaliatory headbutt
a: Renounce Religion, Berserk, Trog's Hand, Brothers in Arms


You were in the Dungeon.
You worshipped Trog.
Trog was exalted by your worship.
You visited 1 branch You collected 3139 gold pieces.
You spent 1566 gold pieces at shops.

Inventory:

Hand Weapons
 a - the +8 frozen axe "Frostbite" (weapon) {freezing cloud, *Noise Fly rC+}
   (Trog gifted it to you in the Dungeon)

   It freezes those it strikes, dealing additional cold damage.
   It can also slow down cold-blooded creatures.
   It occasionally leaves clouds of freezing vapour upon striking a foe.
   It grants immunity to clouds of freezing vapour.
   rC:        It protects you from cold.
   Fly:       It grants you flight.
   *Noise:    It may make noises in combat.
 B - a +5 scimitar of holy wrath
Missiles
 k - 4 curare-tipped darts (quivered)
 w - 5 javelins
Armour
 b - a +2 leather armour of fire resistance (worn)
 o - a +1 leather armour of cold resistance
 p - the +0 pair of gloves "Humag" (worn) {rElec SInv}
   (You bought it in a shop in the Dungeon)

   rElec:     It insulates you from electricity.
   SInv:      It lets you see invisible.
 x - +0 gold dragon scales
 y - the +0 pair of gloves of the Morning Star {Regen+ Str+7}
   (You bought it in a shop in the Dungeon)

   Str:       It affects your strength (+7).
   Regen:     It increases your rate of health regeneration.
 z - a +2 cloak (worn)
Jewellery
 s - a ring of poison resistance (left hand)
 t - an amulet of faith (around neck)
Wands
 h - a wand of roots (10)
 i - a wand of polymorph (14)
 j - a wand of charming (7)
 n - a wand of digging (4)
Scrolls
 m - a scroll of magic mapping {unknown}
 v - a scroll of fear {unknown}
 A - a scroll of poison {unknown}
Potions
 c - 5 potions of curing
 d - 3 potions of heal wounds
 e - 3 potions of haste
 f - 2 potions of magic
 g - a potion of berserk rage
 l - a potion of lignification {unknown}
 q - 2 potions of invisibility
 r - 2 potions of might


   Skills:
 + Level 21.3 Fighting
 + Level 23.5 Axes
 + Level 3.8 Throwing
 + Level 10.5 Armour
 + Level 12.1 Dodging
 + Level 6.1 Stealth
 + Level 2.4 Unarmed Combat
 + Level 2.4 Evocations


You had 11 spell levels left.
You didn't know any spells.
Your spell library was empty.

Dungeon Overview and Level Annotations

Branches:
Dungeon (1/1)

Altars:
Cheibriados
Dithmenos
Elyvilon
Fedhas
Gozag
Hepliaklqana
Kikubaaqudgha
Makhleb
Nemelex Xobeh
Okawaru
Qazlal
Ru
Sif Muna
Trog
Uskayaw
Vehumet
Wu Jian
Xom
Yredelemnul
Zin
The Shining One
Jiyva
Lugonu

Shops:
D [([:==(?!*[!:[:[:[


Innate Abilities, Weirdness & Mutations

You have a pair of horns on your head.
You reflexively headbutt those who attack you in melee.


Message History

a +1 great sword of flaming; a fire giant corpse You chop the fire giant into pieces!!!
You freeze the fire giant!
You hear ice groaning.
The fire giant is severely wounded.
You slice the fire giant!! You freeze the fire giant.
You hear a roar!
Unknown command.
You slash the fire giant! You freeze the fire giant.
The fire giant is heavily wounded.
You slash the fire giant! You freeze the fire giant!
The fire giant hits you with a +1 great sword of flaming!
* * * LOW HITPOINT WARNING * * *
The fire giant burns you.
* * * LOW HITPOINT WARNING * * *
The fire giant casts a spell at you. The bolt of fire hits you! You resist.
* * * LOW HITPOINT WARNING * * *
You slice the fire giant!! You freeze the fire giant!!
You feel the power of Trog in you as your rage grows.
You kill the fire giant!
Trog accepts your kill.
Trog appreciates your killing of a magic user.
You slice the fire giant!! You freeze the fire giant.
You kill the fire giant!
Trog accepts your kill.
Trog appreciates your killing of a magic user.
Your Fighting skill increases to level 21!
Your Dodging skill increases to level 12!
The fire giant misses you.
You see here a +1 great sword of flaming.
You feel a strong urge to attack something.
The fire giant hits you with a +0 great sword of flaming!
* * * LOW HITPOINT WARNING * * *
You slice the fire giant!! You freeze the fire giant!
The fire giant is moderately wounded.
You slice the fire giant!! You freeze the fire giant!
You hear the gusting winds of a squall.
The fire giant is severely wounded.
The fire giant hits you with a +0 great sword of flaming!!
You die...

###'###[###.#○°## #..#[###
'.....'.∩##.#○.# ##...# #
###########.##'# ###.# #
##.......##.##[# #.# #
.#......)§§.#### #.# #
.#''.######§# ##'#
.#....)..§#.#### #....#
##†)†§..§#§.#[/)#####...####
..§§§§.§§####(..@)))..#
......§≈≈##??!..C)#####
.....≈≈≈###)!....##
..≈≈≈≈### #)....##
######+####$$$$$
#######∩∩#######
∩∩∩∩∩∩∩∩###≈≈≈≈≈ #########
######


You could see a fire giant.

Vanquished Creatures
  A golden dragon (D)
  A shadow dragon (D)
  A daeva (D)
  3 fire giants (D)
  A hydra (D)
  2 centaur warriors (D)
  A deep troll (D)
  A lindwurm (D)
  An oklob plant (D)
  A cyclops (D)
  A gargoyle (D)
  4 demonic crawlers (D)
  7 unseen horrors (D)
  2 kobold demonologists (D)
  A hornet (D)
  A slime creature (D)
  Sigmund (D)
  13 hogs (D)
  A yak (D)
  2 redbacks (D)
  3 floating eyes (D)
  An ogre (D)
  7 necrophages (D)
  8 jellies (D)
  Ijyb (D)
66 creatures vanquished.

Vanquished Creatures (others)
  2 ballistomycete spores (D)
2 creatures vanquished.

Grand Total: 68 creatures vanquished

Notes
Turn   | Place    | Note
-------+----------+-------------------------------------------
     0 | D        | mhtbhm the Minotaur Berserker began the quest for the Orb.
     0 | D        | Reached XP level 1. HP: 19/19 MP: 0/0
     2 | D        | Noticed Ijyb
     8 | D        | Killed Ijyb
     9 | D        | Reached skill level 5 in Fighting
     9 | D        | Reached skill level 6 in Axes
     9 | D        | Reached XP level 2. HP: 29/29 MP: 1/1
   158 | D        | Noticed an ogre
   162 | D        | Killed an ogre
   163 | D        | Reached skill level 8 in Axes
   163 | D        | Reached XP level 3. HP: 39/39 MP: 2/2
   163 | D        | Reached XP level 4. HP: 47/47 MP: 3/3
   204 | D        | Noticed Sigmund
   211 | D        | Killed Sigmund
   211 | D        | Reached ** piety under Trog
   212 | D        | Reached skill level 10 in Axes
   212 | D        | Reached skill level 5 in Armour
   212 | D        | Reached XP level 5. HP: 57/57 MP: 4/4
   409 | D        | Found an ornate altar of the Wu Jian Council.
   409 | D        | Found a shimmering blue altar of Sif Muna.
   411 | D        | Found a radiant altar of Vehumet.
   418 | D        | Reached skill level 1 in Unarmed Combat
   418 | D        | Reached XP level 6. HP: 34/66 MP: 5/5
   553 | D        | Found Ukhlen's Weapon Emporium.
   553 | D        | Found an ancient bone altar of Kikubaaqudgha.
   553 | D        | Found a hazy altar of Hepliaklqana.
   553 | D        | Found a stormy altar of Qazlal.
   553 | D        | Found a hide-covered altar of Uskayaw.
   553 | D        | Found a blossoming altar of Fedhas.
   553 | D        | Found a bloodstained altar of Trog.
   553 | D        | Found an iron altar of Okawaru.
   553 | D        | Found a basalt altar of Yredelemnul.
   553 | D        | Found a glowing golden altar of the Shining One.
   553 | D        | Found a snail-covered altar of Cheibriados.
   553 | D        | Found a sacrificial altar of Ru.
   553 | D        | Found a glowing silver altar of Zin.
   553 | D        | Found a shadowy altar of Dithmenos.
   553 | D        | Found a white marble altar of Elyvilon.
   553 | D        | Noticed a yak
   554 | D        | Found an opulent altar of Gozag.
   558 | D        | Killed a yak
   559 | D        | Reached skill level 10 in Fighting
   559 | D        | Reached skill level 11 in Axes
   559 | D        | Reached skill level 5 in Dodging
   559 | D        | Found a sparkling altar of Nemelex Xobeh.
   639 | D        | Noticed Sonja
   641 | D        | Noticed Sonja
   641 | D        | Sonja changed into Sonja the cyclops
   646 | D        | Killed Sonja the cyclops
   647 | D        | Reached skill level 13 in Axes
   647 | D        | Reached skill level 1 in Stealth
   647 | D        | Reached XP level 7. HP: 48/75 MP: 6/6
   841 | D        | Found Girett's Antique Armour Boutique.
  1040 | D        | Noticed a deep troll
  1063 | D        | Killed a deep troll
  1063 | D        | Reached *** piety under Trog
  1064 | D        | Reached skill level 14 in Axes
  1064 | D        | Reached skill level 1 in Throwing
  1064 | D        | Reached XP level 8. HP: 37/86 MP: 7/7
  1087 | D        | Found Popno's Armour Emporium.
  1268 | D        | Identified the +0 robe of Mumblety Peg {Regen+ Str+3}
  1296 | D        | Found a burning altar of Makhleb.
  1296 | D        | Found a shimmering altar of Xom.
  1296 | D        | Noticed a slime creature
  1297 | D        | Found a viscous altar of Jiyva.
  1297 | D        | Found a corrupted altar of Lugonu.
  1308 | D        | Killed a slime creature
  1309 | D        | Reached skill level 15 in Axes
  1309 | D        | Reached skill level 1 in Evocations
  1413 | D        | Noticed a kobold demonologist
  1414 | D        | Noticed a kobold demonologist
  1423 | D        | Noticed a red devil
  1423 | D        | Killed a kobold demonologist
  1423 | D        | Reached **** piety under Trog
  1426 | D        | Noticed an ice devil
  1429 | D        | Killed a kobold demonologist
  1430 | D        | Reached skill level 16 in Axes
  1430 | D        | Reached XP level 9. HP: 95/95 MP: 8/8
  1499 | D        | Noticed a centaur warrior
  1499 | D        | Noticed a centaur warrior
  1507 | D        | Killed a centaur warrior
  1513 | D        | Killed a centaur warrior
  1514 | D        | Reached skill level 15 in Fighting
  1514 | D        | Reached skill level 17 in Axes
  1616 | D        | Paralysed by a hornet for 3 turns
  1868 | D        | Noticed an oklob plant
  1875 | D        | Killed an oklob plant
  1875 | D        | Reached ***** piety under Trog
  1876 | D        | Reached skill level 10 in Armour
  1943 | D        | Reached XP level 10. HP: 95/107 MP: 9/9
  2139 | D        | Received a gift from Trog
  2160 | D        | Reached skill level 18 in Axes
  2477 | D        | Received a gift from Trog
  2499 | D        | Received a gift from Trog
  2590 | D        | Found Dusu's Book Shoppe.
  2590 | D        | Found Fomoits's Antique Armour Shop.
  2590 | D        | Found Wutoloq's Jewellery Boutique.
  2592 | D        | Found Riw Puti's Jewellery Emporium.
  2592 | D        | Found Icsus's Weapon Shop.
  2592 | D        | Found Aconimyrch's Magic Scroll Shoppe.
  2592 | D        | Found Tyvowk's Distillery.
  2592 | D        | Found Lotuniegge's Assorted Antiques.
  2592 | D        | Found Ducva's Armour Shop.
  2592 | D        | Found Nuasech's Distillery.
  2594 | D        | Bought a pair of twisted gloves for 228 gold pieces
  2594 | D        | Identified the +0 pair of gloves "Humag" {rElec SInv} (You
                  | bought it in a shop in the Dungeon)
  2601 | D        | Found Tiufuw's Book Boutique.
  2602 | D        | Found Fioso's Book Emporium.
  2602 | D        | Found Zuym's Antique Armour Boutique.
  2603 | D        | Found Livvut's Book Emporium.
  2605 | D        | Bought a potion of haste for 100 gold pieces
  2605 | D        | Bought a potion of heal wounds for 50 gold pieces
  2605 | D        | Bought a potion of invisibility for 80 gold pieces
  2605 | D        | Bought a potion of might for 40 gold pieces
  2606 | D        | Bought a potion of haste for 230 gold pieces
  2608 | D        | Bought a potion of heal wounds for 60 gold pieces
  2608 | D        | Bought a potion of invisibility for 96 gold pieces
  2608 | D        | Bought a potion of might for 48 gold pieces
  2622 | D        | Bought a ring of poison resistance for 260 gold pieces
  2687 | D        | Reached skill level 5 in Stealth
  2692 | D        | Noticed a gargoyle
  2696 | D        | Killed a gargoyle
  2697 | D        | Reached skill level 19 in Axes
  2821 | D        | Noticed a lindwurm
  2829 | D        | Killed a lindwurm
  2829 | D        | Reached ****** piety under Trog
  2968 | D        | Received a gift from Trog
  2976 | D        | Reached XP level 11. HP: 112/121 MP: 3/10
  2995 | D        | Received a gift from Trog
  2995 | D        | Found the +8 frozen axe "Frostbite" {freezing cloud, *Noise
                  | Fly rC+}
  2997 | D        | Reached skill level 10 in Dodging
  3002 | D        | Reached skill level 20 in Axes
  3129 | D        | Noticed a 12-headed hydra
  3132 | D        | Killed a 15-headed hydra
  3134 | D        | Received a gift from Trog
  3336 | D        | Noticed a shadow dragon
  3336 | D        | Noticed a golden dragon
  3343 | D        | Killed a shadow dragon
  3344 | D        | Reached skill level 21 in Axes
  3347 | D        | Killed a golden dragon
  3412 | D        | Identified the +0 chain mail of Olipn {rElec rC+++ Int-4
                  | Stlth+}
  3459 | D        | Found Utruat's Antique Armour Shoppe.
  3484 | D        | Bought a pair of faintly glowing gloves for 209 gold pieces
  3484 | D        | Identified the +0 pair of gloves of the Morning Star
                  | {Regen+ Str+7} (You bought it in a shop in the Dungeon)
  3484 | D        | Bought an embroidered cloak for 165 gold pieces
  3523 | D        | Noticed a daeva
  3530 | D        | Reached skill level 22 in Axes
  3532 | D        | Received a gift from Trog
  3596 | D        | Killed a daeva
  3763 | D        | Noticed a fire giant
  3763 | D        | Noticed a fire giant
  3763 | D        | Noticed a fire giant
  3763 | D        | Noticed a fire giant
  3767 | D        | Killed a fire giant
  3767 | D        | Received a gift from Trog
  3768 | D        | Reached skill level 23 in Axes
  3768 | D        | Reached XP level 12. HP: 107/134 MP: 11/11
  3771 | D        | Killed a fire giant
  3771 | D        | Killed a fire giant
  3775 | D        | Slain by a fire giant

Illustrated notes

Levels and vault maps discovered:
D:        dungeon_sprint_1 [red_sonja_temple_1, red_sonja_temple_small_1]

Skill      XL: |  1  2  3  4  5  6  7  8  9 10 11 12 |
---------------+-------------------------------------+-----
Fighting       | 5 7 9 11 13 14 16 18 20 21 | 21.3
Axes           | 6 8 10 13 14 16 17 19 23 | 23.5
Armour         | 3 4 5 7 8 10 | 10.5
Dodging        | 3 4 5 6 7 9 11 12 | 12.1
Unarmed Combat | 1 2 |  2.4
Stealth        | 1 2 4 5 6 |  6.1
Throwing       | 1 2 3 |  3.8
Evocations     | 1 2 |  2.4

Action                   |  1- 3 |  4- 6 |  7- 9 | 10-12 || total
-------------------------+-------+-------+-------+-------++-------
Melee: Hand axe          |     8 |    15 |    54 |    23 ||   100
       Headbutt          |     1 |     5 |    13 |    30 ||    49
       Unarmed           |       |     4 |       |       ||     4
       Punch             |       |     1 |     1 |     1 ||     3
       Battleaxe         |       |       |       |    90 ||    90
       Executioner's axe |       |       |       |    34 ||    34
Throw: Dart              |       |       |     5 |       ||     5
Invok: Berserk           |     2 |     1 |     4 |     6 ||    13
       Trog's Hand       |       |       |       |     1 ||     1
Evoke: Wand              |       |     2 |     1 |     1 ||     4
  Use: Potion            |       |       |     1 |       ||     1
       Scroll            |       |       |     1 |     1 ||     2
 Stab: Sleeping          |       |       |       |     3 ||     3
Armor: Leather armour    |       |     1 |    15 |    37 ||    53
Dodge: Dodged            |     2 |     6 |    26 |    75 ||   109

Table legend: (Time is in decaauts)
 A = Elapsed time spent in this place.
 B = Non-inter-level travel time spent in this place.
 C = Inter-level travel time spent in this place.
 D = Time resting spent in this place.
 E = Time spent auto-exploring this place.
 F = Levels seen in this place.
 G = Mean time per level.
                   A        B        C        D        E       F      G
               +--------+--------+--------+--------+--------+-----+--------+
         Total |   3833 |   3833 |      0 |   2742 |      0 |   1 | 3833.0 |
       Dungeon |   3833 |   3833 |      0 |   2742 |      0 |   1 | 3833.0 |
               +--------+--------+--------+--------+--------+-----+--------+

Top non-repeatable levels by time:
       D: 3833 daAuts
